Replay - Alejandro v Duaniac - Ruins of Seras

Build Order

Get SALT Encoding   

  12  0:00  Probe  
  13  0:10  Probe  
  14  0:20  Pylon  
  14  0:21  Probe  
  15  0:36  Probe  
  15  0:40  Pylon  
  16  0:50  Gateway  
  16  0:54  Probe  
  17  1:04  Probe  
  17  1:05  Assimilator  
  18  1:12  Assimilator  
  18  1:15  Probe  
  19  1:24  Forge  
  19  1:28  Probe  
  20  1:38  Probe  
  20  1:49  Probe  
  21  1:58  Cybernetics Core  
  21  2:06  Pylon  
  21  2:09  Photon Cannon  
  21  2:38  Stargate  
  21  2:42  Stargate  
  21  2:47  Probe  
  22  2:57  Probe  
  23  3:21  Photon Cannon  
  23  3:38  Void Ray (Chrono Boost)  
  31  3:43  Void Ray (Chrono Boost)  
  31  3:56  Nexus  
  31  3:59  Protoss Air Weapons Level 1 (Chrono Boost)  
  31  4:25  Pylon  
  31  4:35  Assimilator  
  31  4:40  Assimilator  
  31  4:43  Void Ray, Pylon  
  35  4:59  Void Ray  
  39  5:06  Probe  
  40  5:17  Probe  
  41  5:25  Void Ray  
  41  5:27  Probe  
Spawning Tool Build Advisor. Get it on Overwolf

Go to:

Details

  • Created by: Duaniac
  • Published on: Dec 26, 2015
  • Modified on: Dec 26, 2015
  • Patch: Pre-3.8.0
Show
View Real Time Build Order
Export as new Build Order

Comments (1)

On Dec. 26, 2015, 12:49 p.m., MorN  said:

hey, can you add a description and analysis to this? Without any information, it is hard to know how to execute a build. Thanks :)

Create an account to comment!